 Dungeon Sprint DCSS version 0.21.0-25-ge575cb9 (webtiles) character file.

92680 wojtek the Axe Maniac (level 14, -1/152 HPs)
             Began as a Minotaur Berserker on Jan 25, 2018.
             Was an Elder of Trog.
             Slain by an ogre
             ... wielding a +0 giant club
             ... summoned by the player character
              (27 damage)
             ... in the Dungeon (Sprint III: "The Ten Rune Challenge").
             The game lasted 00:31:56 (9905 turns).

wojtek the Axe Maniac (Minotaur Berserker)          Turns: 9905, Time: 00:31:56

Health: -1/152     AC: 34    Str: 21    XL:     14   Next: 72%
Magic:  4/4        EV: 22    Int:  4    God:    Trog [****..]
Gold:   2325       SH:  0    Dex: 14    Spells: 13/13 levels left

rFire    + + +     SeeInvis .   F - +8 broad axe of Guilt {chop, *Contam rF+ MR++}
rCold    . . .     Gourm    .   (no shield)
rNeg     + + +     Faith    .   J - +8 fire dragon scales of Fashionability {+Blink rPois rF++ rC-}
rPois    +         Spirit   .   B - +2 hat
rElec    +         Reflect  .   X - +1 cloak of Imperfection {rElec rN+++ MP-9 Str-5}
rCorr    .         Harm     .   N - +2 pair of gloves {Dex+3}
MR       +++..     NoTele   +   U - +0 pair of boots {Fly}
Stlth    ..........             (no amulet)
HPRegen  0.35/turn              P - ring of loudness
MPRegen  0.09/turn              v - ring of protection from cold

@: confused, berserk cooldown, flying, glowing
A: retaliatory headbutt, horns 2
}: 2/10 runes: serpentine, barnacled
a: Berserk, Trog's Hand, Brothers in Arms, Burn Spellbooks, Renounce Religion,
Evoke Blink, Stop Flying


You were in the Dungeon.
You worshipped Trog.
Trog was greatly pleased with you.
You were not hungry.

You visited 1 branch You collected 5138 gold pieces.
You spent 2813 gold pieces at shops.

Inventory:

Hand Weapons
 a - the +7 battleaxe "Guijup" {venom, rN+}
   (Trog gifted it to you in the Dungeon)

   It poisons the flesh of those it strikes.
   It protects you from negative energy.
 b - a +7 antimagic broad axe
 r - a +2 antimagic battleaxe
 s - a +2 battleaxe of electrocution
 x - a +1 antimagic executioner's axe
 y - a +0 battleaxe of draining
 D - a +3 antimagic battleaxe
 F - the +8 broad axe of Guilt (weapon) {chop, *Contam rF+ MR++}
   (Trog gifted it to you in the Dungeon)

   It inflicts extra damage upon your enemies.
   It protects you from fire.
   It affects your resistance to hostile enchantments.
   It causes magical contamination when unequipped.
 G - a +8 antimagic battleaxe
 I - a +1 battleaxe of freezing
 O - the +5 battleaxe of Blind Justice {elec, rPois Dex+3 SInv Stlth+, unknown}
   (Trog gifted it to you in the Dungeon)

   Occasionally, upon striking a foe, it will discharge some electrical energy
   and cause terrible harm.
   It affects your dexterity (+3).
   It protects you from poison.
   It lets you see invisible.
   It makes you more stealthy.
 R - the +2 battleaxe "Cyviv" {venom, MR+ Int+3, unknown}
   (Trog gifted it to you in the Dungeon)

   It poisons the flesh of those it strikes.
   It affects your intelligence (+3).
   It affects your resistance to hostile enchantments.
 S - a +1 antimagic battleaxe
 T - a +4 executioner's axe of electrocution
Missiles
 V - 2 throwing nets (quivered)
Armour
 u - a +1 plate armour of fire resistance
 z - a +2 leather armour of poison resistance
 B - a +2 hat (worn)
 E - a +2 chain mail of fire resistance
 J - the +8 fire dragon scales of Fashionability (worn) {+Blink rPois rF++ rC-}
   (You bought it in a shop in the Dungeon)

   It greatly protects you from fire.
   It makes you vulnerable to cold.
   It protects you from poison.
   It lets you blink.
 N - a +2 pair of gloves of dexterity (worn)
 U - a +0 pair of boots of flying (worn)
 W - +0 storm dragon scales
 X - the +1 cloak of Imperfection (worn) {rElec rN+++ MP-9 Str-5}
   (You bought it in a shop in the Dungeon)

   It affects your strength (-5).
   It insulates you from electricity.
   It renders you almost immune to negative energy.
   It affects your magic capacity (-9).
Jewellery
 t - a +3 ring of protection
 v - a ring of protection from cold (right hand)
 w - an uncursed ring of protection from fire
 K - an uncursed ring of protection from cold
 P - a ring of loudness (left hand)
Scrolls
 i - 2 scrolls of blinking
 l - a scroll of holy word
 m - 2 scrolls of identify
 n - a scroll of amnesia {unknown}
 p - a scroll of torment {unknown}
 L - a scroll of fog {unknown}
 M - a scroll of enchant armour {unknown}
 Q - 2 scrolls of immolation
 Z - a scroll of silence
Potions
 d - 7 potions of curing
 e - 2 potions of heal wounds
 f - a potion of haste
 g - 2 potions of magic
 h - a potion of berserk rage
 k - 8 potions of mutation
 o - 3 potions of flight
 q - a potion of might
 C - a potion of brilliance {unknown}
 H - a potion of invisibility {unknown}
Books
 Y - a book of Transfigurations

   Spells                             Type                      Level
   a - Irradiate                      Conjuration/Transmutation    5
   b - Statue Form                    Transmutation/Earth          6
   c - Hydra Form                     Transmutation                6
   d - Dragon Form                    Transmutation                7
   Trog disapproves of the use of such an item.
Miscellaneous
 j - a phial of floods
 A - a box of beasts
Comestibles
 c - 10 rations


   Skills:
 + Level 21.9 Fighting
 O Level 27 Axes
 + Level 21.7 Armour
 + Level 20.3 Dodging


You had 13 spell levels left.
You didn't know any spells.

Dungeon Overview and Level Annotations

Branches:
Dungeon (1/1)

Altars:
Cheibriados
Dithmenos
Elyvilon
Fedhas
Gozag
Hepliaklqana
Kikubaaqudgha
Makhleb
Nemelex Xobeh
Okawaru
Qazlal
Ru
Sif Muna
Trog
Uskayaw
Vehumet
Wu Jian
Xom
Yredelemnul
Zin
The Shining One
Beogh
Jiyva
Lugonu

Shops:
D %:[=[?}[!%}[=!=}(*[:?%((

Annotations:
D exclusion: statue, Mennas


Innate Abilities, Weirdness & Mutations

You reflexively headbutt those who attack you in melee.
You have a pair of horns on your head.


Message History

Mennas hits you from afar with a trishula of holy wrath!
* * * LOW HITPOINT WARNING * * *
You feel yourself speed up.
Mennas gestures frantically.
You easily resist.
Mennas hits you but does no damage. x2
There is an open door here.
You fail to use your ability.
Mennas barely misses you. Mennas hits you but does no damage.
Your ogre goes berserk!
You feel quite a bit more hungry. Mennas gestures at you. Mennas misses you.
You furiously retaliate!
You headbutt Mennas! Mennas hits you but does no damage.
You swap places.
Mennas gestures frantically.
You are confused.
Your ogre appears confused.
Your ogre hits you with a giant club!!
You die...

#..'∩∩#(≈≈.#..##.[...)▓
####∩∩#(≈≈.#######'###▓
.###..#..≈(#..+≈⌠...≈.▓
...'..'.)(≈'..#≈≈.≈.≈.▓
.###..#≈≈≈(#..#.≈.≈.≈.▓
##∩#..#.).)#..#...≈...▓
#..#..####'#######A###▓
#'##..#.#.#.#.#.#O#.#.▓
'..'..+#.#.#.#.#@#.#.#▓
####..#.#.#.#.#.#.#.#.▓
#.########▓▓▓▓▓▓▓▓▓▓▓▓▓
#(#....§..▓....+
.)#..§§§..▓....▓
..)§.§....)....▓
..#.......▓....▓
#'#.......▓....▓
..########▓....▓


You could see Mennas and a friendly ogre (berserk).

Vanquished Creatures
  Mara (D)
  Boris (D)
  Nikola (D)
  Rupert (D)
  An ancient champion (D)
  A kraken (D)
  Harold (D)
  An Executioner (D)
  A storm dragon (D)
  A nagaraja (D)
  2 vampire knights (D)
  Nessos (D)
  A dire elephant (D)
  A mummy priest (D)
  A vault guard (D)
  A centaur warrior (D)
  5 anacondas (D)
  2 hydras (D)
  An alligator snapping turtle (D)
  4 death yaks (D)
  Urug (D)
  2 deep elf knights (D)
  2 skeletal warriors (D)
  An unseen horror (D)
  An anaconda zombie (D)
  A lindwurm (D)
  A spriggan druid (D)
  An obsidian statue (D)
  Joseph (D)
  2 spectral iron dragons (D)
  An orc knight (D)
  A deep elf mage (D)
  4 crystal guardians (D)
  2 oklob plants (D)
  A stone giant skeleton (D)
  3 iron troll simulacra (D)
  4 statues (D)
  6 black mambas (D)
  A molten gargoyle (D)
  2 spiny frogs (D)
  A rime drake (D)
  A komodo dragon (D)
  A queen bee (D)
  8 blink frogs (D)
  3 hornets (D)
  An orc high priest (D)
  3 snapping turtles (D)
  5 slime creatures (D)
  2 tyrant leeches (D)
  A shadow (D)
  3 redbacks (D)
  2 spriggans (D)
  A golden eye (D)
  3 wandering mushrooms (D)
  A naga (D)
  A spatial vortex (D)
  2 hydra simulacra (D)
  6 water moccasins (D)
  A swamp drake (D)
  An orc warrior (D)
  A black mamba simulacrum (D)
  A necrophage (D)
  2 centaurs (D)
  An earth elemental (D)
  A water elemental (D)
  29 killer bees (D)
  6 electric eels (D)
  A jelly (D)
  A wizard (D)
  4 orc priests (D)
  An orc wizard (D)
  Jessica (D)
  A necromancer (D)
  2 wolf simulacra (D)
  A kobold demonologist (D)
  3 humans (D)
  4 adders (D)
  2 oozes (D)
  A phantom (D)
  2 orcs (D)
  A rat (D)
  3 ballistomycetes (D)
  A fungus (D)
  4 plants (D)
  2 tentacles (D)
190 creatures vanquished.

Vanquished Creatures (collateral kills)
  Gastronok (D)
  Roxanne (D)
  A dire elephant (D)
  A yellow draconian (D)
  A naga warrior (D)
  2 alligator snapping turtles (D)
  Erica (D)
  An orc high priest (D)
  A shadow wraith (D)
  A glowing orange brain (D)
  2 orc knights (D)
  A shining eye (D)
  2 elephants (D)
  A guardian serpent (D)
  A naga (D)
  A floating eye (D)
  3 orc warriors (D)
  3 killer bees (D)
  An electric eel (D)
  4 orc priests (D)
  4 orcs (D)
34 creatures vanquished.

Vanquished Creatures (others)
  2 draconian scorchers (D)
  A death drake (D)
  6 hellions (D)
  3 yaktaurs (D)
  3 ball lightnings (D)
  5 ballistomycete spores (D)
  11 plants (D)
  2 tentacles (D)
33 creatures vanquished.

Grand Total: 257 creatures vanquished

Notes
Turn   | Place    | Note
-------+----------+-------------------------------------------
     0 | D        | wojtek the Minotaur Berserker began the quest for the Orb.
     0 | D        | Reached XP level 1. HP: 19/19 MP: 0/0
    10 | D        | Reached skill level 4 in Axes
    12 | D        | Reached XP level 2. HP: 25/27 MP: 1/1
    20 | D        | Reached ** piety under Trog
    37 | D        | Killed a yaktaur
    44 | D        | Noticed Jessica
    48 | D        | Killed Jessica
    48 | D        | Reached skill level 5 in Fighting
    48 | D        | Reached skill level 6 in Axes
    48 | D        | Reached XP level 3. HP: 33/36 MP: 2/2
    64 | D        | Reached *** piety under Trog
    89 | D        | Killed a hellion
   113 | D        | Killed a white draconian scorcher
   143 | D        | Killed a hellion
   144 | D        | Killed a hellion
   147 | D        | Killed a white draconian scorcher
   180 | D        | Killed a hellion
   180 | D        | Killed a hellion
   181 | D        | Killed a hellion
   245 | D        | Noticed a water elemental
   250 | D        | Killed a water elemental
   250 | D        | Reached skill level 8 in Axes
   250 | D        | Reached skill level 5 in Armour
   250 | D        | Reached skill level 5 in Dodging
   250 | D        | Reached XP level 4. HP: 24/44 MP: 3/3
   439 | D        | Found a radiant altar of Vehumet.
   439 | D        | Found a deep blue altar of Sif Muna.
   439 | D        | Found an ancient bone altar of Kikubaaqudgha.
   439 | D        | Noticed a wizard
   445 | D        | Killed a wizard
   445 | D        | Reached **** piety under Trog
   445 | D        | Reached XP level 5. HP: 51/51 MP: 4/4
   511 | D        | Found a glowing silver altar of Zin.
   512 | D        | Found a glowing golden altar of the Shining One.
   512 | D        | Found a white marble altar of Elyvilon.
   512 | D        | Noticed a deep elf mage
   517 | D        | Received a gift from Trog
   520 | D        | Killed a deep elf mage
   520 | D        | Reached skill level 11 in Axes
   520 | D        | Reached XP level 6. HP: 54/63 MP: 5/5
   520 | D        | Reached XP level 7. HP: 60/70 MP: 6/6
   569 | D        | Found a hide-covered altar of Uskayaw.
   569 | D        | Found a roughly hewn altar of Beogh.
   569 | D        | Found an iron altar of Okawaru.
   569 | D        | Found a bloodstained altar of Trog.
   569 | D        | Found an ornate altar of the Wu Jian Council.
   569 | D        | Noticed a human
   571 | D        | Noticed a human
   571 | D        | Killed a human
   571 | D        | Reached skill level 12 in Axes
   579 | D        | Killed a human
   579 | D        | Reached ***** piety under Trog
   635 | D        | Found a basalt altar of Yredelemnul.
   635 | D        | Found a shadowy altar of Dithmenos.
   635 | D        | Found a sacrificial altar of Ru.
   639 | D        | Reached skill level 13 in Axes
   641 | D        | Reached skill level 10 in Fighting
   781 | D        | Noticed a shadow
   785 | D        | Killed a shadow
   785 | D        | Reached XP level 8. HP: 79/79 MP: 7/7
   834 | D        | Found a blossoming altar of Fedhas.
   834 | D        | Found a stormy altar of Qazlal.
   834 | D        | Found a snail-covered altar of Cheibriados.
   834 | D        | Found a burning altar of Makhleb.
   834 | D        | Found a shimmering altar of Xom.
   835 | D        | Found a hazy altar of Hepliaklqana.
   835 | D        | Found an opulent altar of Gozag.
   835 | D        | Found a sparkling altar of Nemelex Xobeh.
   835 | D        | Found a corrupted altar of Lugonu.
   835 | D        | Found a viscous altar of Jiyva.
   850 | D        | Reached skill level 10 in Armour
  1066 | D        | Noticed Erica
  1084 | D        | Killed Erica
  1084 | D        | Reached skill level 14 in Axes
  1331 | D        | Noticed an orc high priest
  1332 | D        | Killed an orc high priest
  1332 | D        | Reached skill level 15 in Axes
  1332 | D        | Reached skill level 10 in Dodging
  1332 | D        | Reached XP level 9. HP: 89/89 MP: 8/8
  1334 | D        | Received a gift from Trog
  1335 | D        | Got a polished battleaxe {god gift}
  1336 | D        | Identified the +7 battleaxe "Guijup" {venom, rN+} (Trog gifted it to you in the Dungeon)
  1337 | D        | Found Gufeush's Jewellery Shoppe.
  1345 | D        | Noticed an orc knight
  1351 | D        | Killed an orc knight
  1352 | D        | Reached ****** piety under Trog
  1352 | D        | Received a gift from Trog
  1394 | D        | Bought an uncursed ring of protection from cold for 275 gold pieces
  1394 | D        | Bought an uncursed ring of protection from fire for 275 gold pieces
  1715 | D        | Noticed a centaur warrior
  1719 | D        | Reached skill level 16 in Axes
  1722 | D        | Killed a centaur warrior
  1722 | D        | Received a gift from Trog
  1792 | D        | Killed an unseen horror
  1792 | D        | Reached XP level 10. HP: 80/100 MP: 9/9
  1865 | D        | Reached skill level 17 in Axes
  1878 | D        | Received a gift from Trog
  1902 | D        | Received a gift from Trog
  2171 | D        | Received a gift from Trog
  2191 | D        | Received a gift from Trog
  2393 | D        | Reached skill level 18 in Axes
  2523 | D        | Noticed a spiny frog
  2523 | D        | Noticed a spiny frog
  2527 | D        | Killed a spiny frog
  2529 | D        | Killed a spiny frog
  2791 | D        | Received a gift from Trog
  2796 | D        | Reached skill level 19 in Axes
  2796 | D        | Reached XP level 11. HP: 106/111 MP: 10/10
  2902 | D        | Noticed Rupert
  2912 | D        | Killed Rupert
  3036 | D        | Received a gift from Trog
  3037 | D        | Noticed a dire elephant
  3040 | D        | Killed a dire elephant
  3040 | D        | Reached skill level 15 in Fighting
  3047 | D        | Noticed Gastronok
  3052 | D        | Killed Gastronok
  3052 | D        | Reached skill level 20 in Axes
  3052 | D        | Reached skill level 15 in Armour
  3062 | D        | Noticed an azure jelly
  3062 | D        | Noticed an azure jelly
  3062 | D        | Noticed an azure jelly
  3064 | D        | Noticed an azure jelly
  3076 | D        | Noticed a dire elephant
  3085 | D        | Killed a dire elephant
  3228 | D        | Noticed a death yak
  3229 | D        | Noticed a death yak
  3229 | D        | Noticed a death yak
  3232 | D        | Noticed a death yak
  3241 | D        | Killed a death yak
  3366 | D        | Received a gift from Trog
  3571 | D        | Killed a death yak
  3580 | D        | Killed a death yak
  3580 | D        | Reached skill level 21 in Axes
  3585 | D        | Killed a death yak
  3585 | D        | Reached XP level 12. HP: 107/122 MP: 11/11
  3588 | D        | Received a gift from Trog
  3646 | D        | Noticed an anaconda
  3646 | D        | Noticed an anaconda
  3646 | D        | Noticed an anaconda
  3654 | D        | Killed an anaconda
  3654 | D        | Reached skill level 15 in Dodging
  3656 | D        | Killed an anaconda
  3669 | D        | Killed an anaconda
  3669 | D        | Reached skill level 22 in Axes
  4051 | D        | Noticed an anaconda
  4053 | D        | Received a gift from Trog
  4058 | D        | Killed an anaconda
  4103 | D        | Noticed an anaconda
  4112 | D        | Killed an anaconda
  4115 | D        | Received a gift from Trog
  4118 | D        | Got a translucent broad axe {god gift}
  4181 | D        | Identified the +8 broad axe of Guilt {chop, *Contam rF+ MR++} (Trog gifted it to you in the Dungeon)
  4380 | D        | Noticed a naga warrior
  4380 | D        | Noticed a nagaraja
  4382 | D        | Found Rogad's Food Boutique.
  4382 | D        | Found Behutteamyh's Book Emporium.
  4388 | D        | Killed a nagaraja
  4393 | D        | Killed a naga warrior
  4395 | D        | Found Ynan's Antique Armour Shop.
  4406 | D        | Received a gift from Trog
  4411 | D        | Got a serpentine rune of Zot
  4812 | D        | Reached skill level 23 in Axes
  5149 | D        | Noticed Urug
  5152 | D        | Killed Urug
  5178 | D        | Noticed a four-headed hydra
  5178 | D        | Noticed a four-headed hydra
  5186 | D        | Killed a seven-headed hydra
  5191 | D        | Killed a nine-headed hydra
  5191 | D        | Received a gift from Trog
  5427 | D        | Reached XP level 13. HP: 31/133 MP: 12/12
  5759 | D        | Found a blossoming altar of Fedhas.
  5933 | D        | Noticed a kraken
  5947 | D        | Killed a kraken
  6075 | D        | Received a gift from Trog
  6089 | D        | Reached skill level 24 in Axes
  6112 | D        | Found Kuynad's Antique Armour Emporium.
  6112 | D        | Found Viren's Magic Scroll Shop.
  6112 | D        | Found Tailekem's Gadget Boutique.
  6122 | D        | Got a barnacled rune of Zot
  6127 | D        | Bought dazzling fire dragon scales for 1495 gold pieces
  6137 | D        | Identified the +8 fire dragon scales of Fashionability {+Blink rPois rF++ rC-} (You bought it in a shop in the Dungeon)
  6229 | D        | Bought an uncursed ring of protection from cold for 275 gold pieces
  6326 | D        | Received a gift from Trog
  6554 | D        | Got a crystal battleaxe {god gift}
  6627 | D        | Noticed Harold
  6627 | D        | Noticed Joseph
  6632 | D        | Killed Harold
  6636 | D        | Killed Joseph
  6911 | D        | Received a gift from Trog
  7065 | D        | Noticed a mummy priest
  7090 | D        | Killed a mummy priest
  7106 | D        | Received a gift from Trog
  7106 | D        | Reached skill level 25 in Axes
  7413 | D        | Found Ifra's Food Shop.
  7414 | D        | Found Kaqyom's Armour Shoppe.
  7414 | D        | Found Dontuh's Gadget Shop.
  7414 | D        | Found Jule's Distillery.
  7425 | D        | Received a gift from Trog
  7434 | D        | Bought a +0 pair of boots of flying for 161 gold pieces
  7490 | D        | Found Osyhar's Armour Boutique.
  8225 | D        | Noticed an Executioner
  8230 | D        | Killed an Executioner
  8290 | D        | Noticed Nessos
  8299 | D        | Killed Nessos
  8299 | D        | Received a gift from Trog
  8310 | D        | Noticed a yellow draconian
  8318 | D        | Killed a yellow draconian
  8318 | D        | Reached skill level 26 in Axes
  8318 | D        | Reached XP level 14. HP: 121/146 MP: 13/13
  8448 | D        | Received a gift from Trog
  8556 | D        | Noticed a storm dragon
  8566 | D        | Killed a storm dragon
  8753 | D        | Noticed Nikola
  8773 | D        | Killed Nikola
  9123 | D        | Noticed a vampire knight
  9123 | D        | Noticed Mara
  9124 | D        | Noticed a vampire knight
  9128 | D        | Killed a vampire knight
  9143 | D        | Killed Mara
  9143 | D        | Reached skill level 27 in Axes
  9145 | D        | Killed a vampire knight
  9171 | D        | Noticed an ancient champion
  9180 | D        | Killed an ancient champion
  9276 | D        | Found Peutan's General Store.
  9276 | D        | Found Gekeyhal's Book Shop.
  9276 | D        | Found Nageti's Gadget Boutique.
  9276 | D        | Found Panuqiq's Antique Weapon Shoppe.
  9276 | D        | Found Zeni's Antique Weapon Boutique.
  9276 | D        | Found Rublas's Antique Armour Emporium.
  9276 | D        | Found Hinoso Tieki's Jewellery Shoppe.
  9276 | D        | Found Ceblos's Antique Weapon Shop.
  9276 | D        | Found Issiad's Distillery.
  9276 | D        | Found Ucwas's Food Emporium.
  9276 | D        | Found Yput's Jewellery Emporium.
  9276 | D        | Found Pourchuw's Magic Scroll Boutique.
  9299 | D        | Bought a transparent cloak for 209 gold pieces
  9305 | D        | Bought a scroll of silence for 97 gold pieces
  9320 | D        | Bought a scroll of identify for 26 gold pieces
  9320 | D        | Identified the +1 cloak of Imperfection {rElec rN+++ MP-9 Str-5} (You bought it in a shop in the Dungeon)
  9368 | D        | Noticed Boris
  9389 | D        | Killed Boris
  9394 | D        | Received a gift from Trog
  9412 | D        | Got a fine battleaxe {god gift}
  9814 | D        | Noticed Roxanne
  9828 | D        | Killed Roxanne
  9842 | D        | Noticed Mennas
  9905 | D        | Slain by an ogre

Skill      XL: |  1  2  3  4  5  6  7  8  9 10 11 12 13 14 |
---------------+-------------------------------------------+-----
Fighting       | 4 5 6 9 10 11 12 14 16 17 19 21 | 21.9
Axes           | 4 6 8 11 13 15 16 19 21 23 26 27 | 27.0
Armour         | 3 4 5 6 8 9 11 12 14 15 17 19 21 | 21.7
Dodging        | 3 5 7 9 10 11 13 14 16 18 20 | 20.3

Action                   |  1- 3 |  4- 6 |  7- 9 | 10-12 | 13-15 || total
-------------------------+-------+-------+-------+-------+-------++-------
Melee: Hand axe          |    17 |     5 |    34 |       |       ||    56
       Headbutt          |     5 |       |    12 |    38 |    83 ||   138
       Battleaxe         |       |       |    29 |   202 |       ||   231
       Broad axe         |       |       |       |    52 |   270 ||   322
Throw: Throwing net      |       |       |       |       |     3 ||     3
Invok: Berserk           |     2 |     1 |     5 |     2 |     5 ||    15
       Burn Spellbooks   |       |     1 |       |       |       ||     1
       Brothers in Arms  |       |       |     2 |     5 |    19 ||    26
 Abil: Evoke Blink       |       |       |       |       |     1 ||     1
  Use: Scroll            |       |       |       |       |     5 ||     5
       Potion            |       |       |       |       |     2 ||     2
 Stab: Distracted        |       |       |       |       |     1 ||     1
       Held in net/web   |       |       |       |       |     3 ||     3
  Eat: Chunk             |       |     1 |     6 |     9 |     6 ||    22
       Ration            |       |       |     1 |     2 |     6 ||     9
Armor: Animal skin       |     2 |       |     2 |       |       ||     4
       Plate armour      |       |       |    17 |   106 |     5 ||   128
       Fire dragon scale |       |       |       |       |   105 ||   105
       Storm dragon scal |       |       |       |       |    11 ||    11
Dodge: Dodged            |     8 |     3 |    22 |   124 |   162 ||   319
